 Dungeon Crawl Stone Soup version 0.19-a0-1107-gc676ff4 (webtiles) character file.

1409 HaroldButt the Carver (level 8, 0/56 HPs)
             Began as a Demonspawn Gladiator on Aug 10, 2016.
             Was a Priest of Cheibriados.
             Slain by an ogre
             ... wielding a +0 giant club
              (14 damage)
             ... on level 6 of the Dungeon.
             The game lasted 00:12:41 (4465 turns).

HaroldButt the Carver (Demonspawn Gladiator)        Turns: 4465, Time: 00:12:42

Health: 0/56       AC: 12    Str: 24    XL:     8   Next: 42%
Magic:  8/8        EV: 11    Int: 22    God:    Cheibriados [***...]
Gold:   231        SH:  0    Dex: 21    Spells: 0 memorised, 7 levels left

rFire  . . .     SeeInvis .     a - +1 long sword
rCold  . . .     Gourm    .     w - +0 chain mail
rNeg   + . .     Faith    .     (no shield)
rPois  .         Spirit   .     c - +1 helmet
rElec  .         Dismiss  .     (no cloak)
rCorr  .         Reflect  .     v - +0 pair of gloves
SustAt .         Harm     .     (no boots)
MR     .....                    b - amulet of magic regeneration
Stlth  ..........               j - ring of positive energy
                                o - +5 ring of intelligence

@: drained, very slow
A: talons 2, spiny 2, rot immunity
a: Bend Time, Temporal Distortion, Renounce Religion


You were on level 6 of the Dungeon.
You worshipped Cheibriados.
Cheibriados was most pleased with you.
You were not hungry.

You visited 1 branch of the dungeon, and saw 6 of its levels.

You collected 231 gold pieces.

Inventory:

Hand Weapons
 a - a +1 long sword (weapon)
Missiles
 d - 4 throwing nets (quivered)
Armour
 c - a +1 helmet (worn)
 t - a +0 buckler
 v - a +0 pair of gloves (worn)
 w - a +0 chain mail (worn)
Jewellery
 b - an amulet of magic regeneration (around neck)
 e - an uncursed ring of ice
 j - a ring of positive energy (right hand)
 o - a +5 ring of intelligence (left hand)
 p - an uncursed ring of fire
Wands
 s - a wand of digging (15/24)
 u - a wand of confusion (21/48)
Scrolls
 g - 5 scrolls of remove curse
 k - 3 scrolls of teleportation
 l - a scroll of blinking
Potions
 i - a potion of invisibility {unknown}
 m - a potion of curing
 n - a potion of heal wounds {unknown}
 r - a potion of degeneration {unknown}
Comestibles
 f - 6 bread rations
 h - 4 meat rations
 q - 2 slices of pizza
 x - 4 chunks of flesh


   Skills:
 - Level 2.0(1.9) Fighting
 - Level 8.1 Long Blades
 - Level 1.7 Throwing
 + Level 3.8(3.7) Armour
 + Level 4.8 Dodging


You had 7 spell levels left.
You didn't know any spells.

Dungeon Overview and Level Annotations

Branches:
Dungeon (6/15)
 Temple: D:4-7

Altars:
Ashenzari
Cheibriados
Pakellas
Trog


Innate Abilities, Weirdness & Mutations

You have razor-sharp toenails.
You are mostly covered in sharp spines.
You are immune to rotting.


Message History

You are feeling hungry.
You continue eating. x2
You finish eating.
This raw flesh tastes terrible.
Found a scale mail.
You see here a potion of haste.
You see here a scale mail.
An ogre comes into view. It is wielding a giant club.
The ogre shouts!
The ogre moves out of view.
The ogre is struck by your spines. The ogre hits you with a giant club!!
Found three items.
Your chain mail prevents you from hitting the ogre.
The ogre is lightly wounded.
The ogre hits you with a giant club!!
* * * LOW HITPOINT WARNING * * *
You are too injured to fight recklessly!
You hit the ogre. You claw the ogre, but do no damage.
The ogre is moderately wounded.
The ogre is struck by your spines. The ogre hits you with a giant club!
You die...

........##.#
........##.#####
.....)......![.#
.........#.###.#
######...#.# #.#
# ........##.#
#.# .#
#######.##.# #.#
!.# #........#
#.###...# #
#.####.#.#
#..@....# #
#.#.# ####O...#
# #.#.# |...# #
#...# ?...# #
##..# ....# #
..# ...## # .>#
##.# ..


You could see an ogre.

Vanquished Creatures
  Sigmund (D:4)
  Edmund (D:5)
  Menkaure (D:5)
  A sky beast (D:5)
  2 phantoms (D:5)
  An ogre (D:5)
  Blork the orc (D:5)
  2 scorpions
  2 crimson imps (D:5)
  A hound (D:6)
  3 orc wizards
  A worker ant (D:4)
  A hound zombie (D:5)
  2 hound skeletons
  3 gnolls (D:4)
  9 adders
  2 adder skeletons
  9 worms
  A dart slug (D:1)
  4 giant geckos
  15 orcs
  5 giant cockroaches
  7 goblins
  7 hobgoblins
  9 jackals
  6 kobolds
  3 quokkas
  4 bats (D:1)
  4 giant newts
  4 rats
112 creatures vanquished.

Notes
Turn   | Place    | Note
-------+----------+-------------------------------------------
     0 | D:1      | HaroldButt the Demonspawn Gladiator began the quest for the Orb.
     0 | D:1      | Reached XP level 1. HP: 16/16 MP: 1/1
    66 | D:1      | Reached skill level 3 in Long Blades
   144 | D:1      | Gained mutation: You are partially covered in sharp spines. [demonic ancestry]
   144 | D:1      | Reached XP level 2. HP: 21/22 MP: 2/2
   461 | D:2      | Reached XP level 3. HP: 26/27 MP: 3/3
   470 | D:2      | Found a shattered altar of Ashenzari.
   475 | D:2      | Reached skill level 4 in Long Blades
   924 | D:2      | Gained mutation: You are immune to rotting. [demonic ancestry]
   924 | D:2      | Reached XP level 4. HP: 22/33 MP: 4/4
   945 | D:2      | Found a snail-covered altar of Cheibriados.
   956 | D:2      | Became a worshipper of Cheibriados the Contemplative
  1658 | D:2      | Reached skill level 5 in Long Blades
  1799 | D:3      | Reached * piety under Cheibriados
  1882 | D:2      | Gained mutation: You are mostly covered in sharp spines. [demonic ancestry]
  1882 | D:2      | Reached XP level 5. HP: 20/38 MP: 5/5
  2587 | D:3      | Found an oddly glowing altar of Pakellas.
  2617 | D:3      | Reached skill level 6 in Long Blades
  2804 | D:4      | Gained mutation: You have sharp toenails. [demonic ancestry]
  2804 | D:4      | Reached XP level 6. HP: 34/44 MP: 6/6
  2852 | D:4      | Noticed Sigmund
  2861 | D:4      | Killed Sigmund
  2863 | D:4      | Reached ** piety under Cheibriados
  2869 | D:4      | Reached skill level 7 in Long Blades
  2958 | D:4      | Gained mutation: You have razor-sharp toenails. [demonic ancestry]
  2958 | D:4      | Reached XP level 7. HP: 26/50 MP: 7/7
  3372 | D:5      | Entered Level 5 of the Dungeon
  3396 | D:5      | Found a bloodstained altar of Trog.
  3419 | D:5      | Noticed Blork the orc
  3427 | D:5      | Killed Blork the orc
  3430 | D:5      | Reached skill level 8 in Long Blades
  3636 | D:5      | Reached skill level 1 in Armour
  3738 | D:5      | Noticed Edmund
  3752 | D:5      | Killed Edmund
  3810 | D:5      | Reached XP level 8. HP: 55/56 MP: 8/8
  3934 | D:5      | Noticed Menkaure
  3938 | D:5      | Killed Menkaure
  4036 | D:5      | Reached *** piety under Cheibriados
  4465 | D:6      | Slain by an ogre

Vault maps used:
D:1:      dpeg_arrival_radiant
D:2:      lemuel_coloured_pillars_altar, evilmike_ruin_ashenzari, first_bread,
          minmay_misc_feat_diagonals
D:3:      johnstein_pakellas_dig, minivault_27
D:4:      kennysheep_crisscross, serial_park_tiny_2, uniq_sigmund
D:5:      lemuel_doored_altar, uniq_edmund, uniq_menkaure, uniq_blork_the_orc
D:6:      minitemple, item_on_display_a, uniq_pikel

Skill      XL: |  1  2  3  4  5  6  7  8 |
---------------+-------------------------+-----
Long Blades    | 3 4 5 6 7 8 |  8.1
Armour         | 2 3 |  3.8
Dodging        | 3 4 |  4.8
Fighting       | |  2.0
Throwing       | |  1.7

Action                   |  1- 3 |  4- 6 |  7- 9 || total
-------------------------+-------+-------+-------++-------
Melee: Long sword        |    73 |   141 |   100 ||   314
       Kick              |       |    26 |    48 ||    74
  Use: Scroll            |     2 |     6 |     5 ||    13
       Potion            |       |     2 |       ||     2
 Stab: Distracted        |       |     1 |       ||     1
  Eat: Chunk             |       |     5 |     3 ||     8
Armor: Leather armour    |    17 |     6 |       ||    23
       Ring mail         |       |    14 |     1 ||    15
       Chain mail        |       |       |    35 ||    35
Dodge: Dodged            |    30 |    64 |    30 ||   124
